 Dungeon Crawl Stone Soup version 0.31-a0-40-g1d5085d191 (webtiles) character file.

Game seed: 7622789762402723368

6678 pk666 the Thaumaturge (level 10, -6/50 HPs)
             Began as a Deep Elf Fire Elementalist on May 17, 2023.
             Was an Elder of Vehumet.
             Mangled by Snorg (10 damage)
             ... on level 10 of the Dungeon.
             The game lasted 00:33:47 (11682 turns).

pk666 the Thaumaturge (Deep Elf Fire Elementalist) Turns: 11682, Time: 00:33:48

Health: -6/50      AC:  3    Str:  5    XL:     10   Next: 73%
Magic:  1/26       EV: 17    Int: 28    God:    Vehumet [****..]
Gold:   851        SH:  0    Dex: 15    Spells: 8/29 levels left

rFire   x . .        r - staff of conjuration
rCold   + . .        (no shield)
rNeg    . . .        a - +0 robe
rPois   +            (no helmet)
rElec   .            (no cloak)
rCorr   .            c - +0 pair of gloves
SInv    .            (no boots)
Will    +....        (no amulet)
Stlth   ++           y - ring of poison resistance
HPRegen 0.28/turn    j - ring "Lyck" {Ice Fly Int+3}
MPRegen 0.20/turn

%: no passive effects
@: about to teleport, flying, very slightly contaminated, studying Fire Magic
A: no striking features
a: Renounce Religion


You were on level 10 of the Dungeon.
You worshipped Vehumet.
Vehumet was greatly pleased with you.
You visited 1 branch of the dungeon, and saw 10 of its levels.

You collected 851 gold pieces.

Inventory:

Missiles
 A - 5 throwing nets
Armour
 a - a +0 robe (worn)
 c - a +0 pair of gloves (worn)
Magical Staves
 r - a staff of conjuration (weapon)
Jewellery
 d - an amulet of reflection
 i - a ring of positive energy
 j - the ring "Lyck" (right hand) {Ice Fly Int+3}
   (You found it on level 2 of the Dungeon)

   [ring of ice]

   It enhances your ice magic.
   Int:       It affects your intelligence (+3).
   rF:        It makes you vulnerable to fire.
   rC:        It protects you from cold.
   Fly:       It grants you flight.
 y - a ring of poison resistance (left hand)
 z - a +5 ring of evasion
 F - a ring of positive energy
 I - an amulet of faith
Wands
 u - a wand of flame (6)
Scrolls
 e - 3 scrolls of immolation {unknown}
 k - 3 scrolls of teleportation
 m - a scroll of fear {unknown}
 n - 2 scrolls of magic mapping {unknown}
 p - 2 scrolls of amnesia {unknown}
 q - a scroll of noise {unknown}
 t - 3 scrolls of enchant armour {unknown}
 v - 2 scrolls of enchant weapon {unknown}
 x - 3 scrolls of silence {unknown}
 D - a scroll of brand weapon {unknown}
 G - 2 scrolls of blinking {unknown}
 J - a scroll of butterflies {unknown}
 K - a scroll of poison {unknown}
Potions
 b - 3 potions of magic
 f - a potion of cancellation {unknown}
 g - 3 potions of lignification
 h - 5 potions of curing
 l - 2 potions of mutation
 o - 3 potions of berserk rage
 s - 2 potions of attraction {unknown}
 w - 2 potions of haste {unknown}
 B - 2 potions of might {unknown}
 C - a potion of heal wounds {unknown}
 E - a potion of degeneration {unknown}
 H - a potion of ambrosia {unknown}
 L - a potion of brilliance {unknown}


   Skills:
 + Level 9.5 Dodging
 - Level 2.4 Stealth
 + Level 10.4 Spellcasting
 * Level 9.9 Conjurations
 + Level 10.4 Fire Magic
 - Level 4.0 Poison Magic


You had 8 spell levels left.
You knew the following spells:

 Your Spells              Type           Power      Damage    Failure   Level
a - Foxfire               Conj/Fire      100%       2x1d9     1%          1
b - Scorch                Fire           100%       2d9       1%          2
c - Flame Wave            Conj/Fire      82%        2d18      1%          4
d - Orb of Destruction    Conj           40%        9d11      16%         7
g - Olgreb's Toxic Radia  Pois           37%        N/A       2%          4
h - Ignite Poison         Fire/Tmut/Pois 41%        N/A       1%          3

Your spell library contained the following spells:

 Spells                   Type           Power      Damage    Failure   Level
 Iskenderun's Mystic Bla  Conj/Tloc      59%        2d12      1%          4
 Sting                    Tmut/Pois      100%       1d8       1%          1
 Poisonous Vapours        Pois/Air       50%        N/A       1%          2
 Inner Flame              Hex/Fire       43%        N/A       1%          3
 Volatile Blastmotes      Fire/Tloc      86%        2d17      1%          3
 Summon Small Mammal      Summ           56%        N/A       3%          1
 Cigotuvi's Dreadful Rot  Necr/Pois/Air  44%        N/A       3%          2
 Irradiate                Conj/Tmut      29%        3d21      4%          5
 Lesser Beckoning         Tloc           28%        N/A       6%          2
 Freezing Cloud           Conj/Ice/Air   32%        6-21      7%          5
 Call Canine Familiar     Summ           14%        N/A       12%         3
 Gell's Gravitas          Tloc           14%        N/A       12%         3
 Summon Guardian Golem    Hex/Summ       14%        N/A       12%         3
 Teleport Other           Tloc           14%        N/A       12%         3
 Lee's Rapid Deconstruct  Erth           7%         3d6*      26%         5
 Leda's Liquefaction      Hex/Erth       7%         N/A       36%         4
 Spellforged Servitor     Conj/Summ      29%        N/A       69%         7
 Blade Hands              Tmut           7%         N/A       71%         5
 Statue Form              Tmut/Erth      9%         N/A       99%         6
 Dragon Form              Tmut           7%         N/A       100%        7


Dungeon Overview and Level Annotations

Branches:
Dungeon (10/15)            Temple (0/1) D:7             Orc (0/2) D:9
   Lair: D:8-11

Altars:
Ashenzari
Cheibriados
Fedhas
Hepliaklqana
Kikubaaqudgha
Ru
Trog
Vehumet
Zin

Shops:
D:3 =:(   D:4 *   D:10 :

Annotations:
D:5 1 runed translucent door
D:9 2 transporters, Barriton's ghost, novice DrFE; Gastronok
D:10 Joseph; Snorg


Message History

You feel a surge of power!
You miscast Orb of Destruction.
You are very lightly contaminated with residual magic.
Nothing appears to happen.
Casting: Orb of Destruction (extremely dangerous; 16% risk of failure)
Confirm with . or Enter, or press ? or * to list all spells.
The spell is extremely dangerous to miscast (16% risk of failure)!
Continue anyway?
Aiming: Orb of Destruction (extremely dangerous; 16% risk of failure)
Press: ? - help, Shift-Dir - straight line, f/p - Snorg
Aim: Snorg You feel a surge of power!
You miscast Orb of Destruction.
Nothing appears to happen.
Casting: Orb of Destruction (extremely dangerous; 16% risk of failure)
Confirm with . or Enter, or press ? or * to list all spells.
The spell is extremely dangerous to miscast (16% risk of failure)!
Continue anyway?
Aiming: Orb of Destruction (extremely dangerous; 16% risk of failure)
Press: ? - help, Shift-Dir - straight line, f/p - Snorg
Aim: Snorg You feel a surge of power!
The orb of destruction hits Snorg!!
Snorg is moderately wounded.
Snorg goes berserk!
Flames lash Snorg.
Snorg is moderately wounded.
Snorg's fire resistance burns away.
Casting: Scorch (safe; 1% risk of failure)
Confirm with . or Enter, or press ? or * to list all spells.
Casting: Flame Wave (safe; 1% risk of failure)
Press: ? - help, Dir - look around, f - activate You feel a surge of power!
A wave of flame ripples out!
The flame wave engulfs Snorg!
Snorg is burned terribly!
Snorg is moderately wounded. (Press . to intensify the flame waves.)
The orc priest shouts!
Snorg closely misses you. Snorg claws you! Snorg misses you. x2
Snorg closely misses you. Snorg claws you!
* * * LOW HITPOINT WARNING * * *
Okay, then.
As you read the scroll of teleportation, it crumbles to dust.
You feel strangely unstable. Snorg closely misses you. Snorg claws you!
You die...

...... .....#
..#..# o ..# #o
### .... .... ..
..#..# #...##o
..# ..
.......##### ..#
. ###........###
#.#
.#......@T....#
......#.....##.#
o.#T. #........#
...#.##.#.#....#
......#........#
...#..#...#....#
#.............##
........#####.#
#.............#


You could see Snorg (berserk, combustible), an orc priest and 2 orc wizards.

Vanquished Creatures
  Harold (D:9)
  A two-headed ogre (D:9)
  A manticore (D:10)
  A hornet (D:8)
  2 wyverns
  2 water moccasins
  3 orc warriors
  A sky beast (D:7)
  A black bear (D:4)
  4 centaurs
  5 kobold brigands
  A phantom (D:5)
  A gnoll sergeant (D:10)
  3 bullfrogs
  3 scorpions
  9 wights
  16 killer bees
  3 howler monkeys
  A jelly (D:7)
  2 gnoll boudas (D:7)
  4 hounds
  8 orc priests
  3 sleepcaps
  13 orc wizards
  6 iguanas
  Robin (D:4)
  9 adders
  15 gnolls
  A shadow imp (D:6)
  A white imp (D:7)
  2 worms
  4 dart slugs
  44 orcs
  2 bats
  9 endoplasms
  A giant cockroach (D:1)
  15 goblins
  11 hobgoblins
  13 jackals
  3 quokkas
  12 ball pythons
  5 frilled lizards
  27 kobolds
  6 rats
276 creatures vanquished.

Vanquished Creatures (collateral kills)
  4 foxfires (D:7)
4 creatures vanquished.

Vanquished Creatures (others)
  459 foxfires
459 creatures vanquished.

Grand Total: 739 creatures vanquished

Notes
Turn   | Place    | Note
-------+----------+-------------------------------------------
     0 | D:1      | pk666 the Deep Elf Fire Elementalist began the quest for
                  | the Orb.
     0 | D:1      | Reached XP level 1. HP: 10/10 MP: 6/6
   254 | D:1      | Reached XP level 2. HP: 15/15 MP: 4/8
   263 | D:1      | Learned a level 2 spell: Scorch
   515 | D:1      | Reached XP level 3. HP: 19/19 MP: 6/10
   931 | D:1      | Found a faded altar of an unknown god.
  1391 | D:1      | Prayed at the altar of an unknown god.
  1391 | D:1      | Became a worshipper of Vehumet
  1391 | D:1      | Reached * piety under Vehumet
  1391 | D:1      | Offered knowledge of Kiss of Death by Vehumet.
  1666 | D:2      | Reached XP level 4. HP: 24/24 MP: 7/11
  1755 | D:2      | Identified the ring "Lyck" {Ice Fly Int+3}
  1802 | D:2      | Offered knowledge of Poisonous Vapours by Vehumet.
  1809 | D:2      | Learned a level 4 spell: Flame Wave
  2125 | D:2      | Reached ** piety under Vehumet
  2323 | D:3      | Found Ciunis's Jewellery Shop.
  2508 | D:3      | Found Xudylaxi's Book Emporium.
  2826 | D:3      | Found Cuexuph's Weapon Emporium.
  3085 | D:3      | Reached XP level 5. HP: 27/28 MP: 9/13
  3397 | D:4      | Noticed Robin
  3517 | D:4      | Killed Robin
  3517 | D:4      | Offered knowledge of Momentum Strike by Vehumet.
  3588 | D:4      | Reached XP level 6. HP: 28/32 MP: 11/15
  3602 | D:4      | Reached skill level 5 in Spellcasting
  3758 | D:4      | Reached *** piety under Vehumet
  3778 | D:4      | Found a blossoming altar of Fedhas.
  3874 | D:4      | Reached skill level 5 in Fire Magic
  4115 | D:4      | Found Jozaxzyst's General Store.
  4321 | D:4      | Reached skill level 5 in Dodging
  4321 | D:4      | Reached XP level 7. HP: 24/36 MP: 7/17
  4484 | D:5      | Entered Level 5 of the Dungeon
  5090 | D:5      | Offered knowledge of Sticky Flame by Vehumet.
  5312 | D:5      | Found a runed translucent door.
  5403 | D:6      | Reached skill level 5 in Conjurations
  5447 | D:6      | Reached XP level 8. HP: 16/41 MP: 9/20
  6462 | D:6      | Reached **** piety under Vehumet
  7022 | D:7      | Found a broken altar of Ashenzari.
  7069 | D:7      | Offered knowledge of Dazzling Flash by Vehumet.
  7151 | D:7      | Found a glowing silver altar of Zin.
  7399 | D:7      | Reached XP level 9. HP: 45/45 MP: 19/23
  7627 | D:7      | Learned a level 4 spell: Olgreb's Toxic Radiance
  7805 | D:7      | Reached skill level 1 in Poison Magic
  7949 | D:7      | Found an ancient bone altar of Kikubaaqudgha.
  7949 | D:7      | Found a hazy altar of Hepliaklqana.
  7986 | D:7      | Found a staircase to the Ecumenical Temple.
  8293 | D:8      | Found a snail-covered altar of Cheibriados.
  8325 | D:8      | Learned a level 3 spell: Ignite Poison
  8631 | D:8      | Learned a level 7 spell: Orb of Destruction
  8839 | D:8      | Found a sacrificial altar of Ru.
  8923 | D:8      | Found a bloodstained altar of Trog.
  9313 | D:9      | Noticed a two-headed ogre
  9315 | D:9      | Noticed Barriton's ghost (novice DrFE)
  9316 | D:9      | Found a transporter.
  9318 | D:9      | Noticed a two-headed ogre
  9320 | D:9      | Found a transporter.
  9322 | D:9      | Noticed Gastronok
  9324 | D:9      | Noticed a two-headed ogre
  9325 | D:9      | Identified the +3 great mace of Wariness {protect, Fly
                  | Dex+3}
  9325 | D:9      | Noticed a two-headed ogre
  9455 | D:9      | Noticed a two-headed ogre
  9666 | D:8      | Reached XP level 10. HP: 19/50 MP: 20/25
  9793 | D:9      | Noticed Harold
  9906 | D:9      | Reached ***** piety under Vehumet
  9906 | D:9      | Offered knowledge of Iskenderun's Mystic Blast by Vehumet.
  9993 | D:9      | Killed a two-headed ogre
 10157 | D:9      | Killed Harold
 10158 | D:9      | Reached skill level 10 in Spellcasting
 10470 | D:9      | Reached skill level 10 in Fire Magic
 10985 | D:9      | Found a staircase to the Orcish Mines.
 11060 | D:10     | Entered Level 10 of the Dungeon
 11115 | D:10     | Found Gicifoz's Self-Improvement Boutique.
 11134 | D:10     | Noticed a manticore
 11137 | D:10     | Killed a manticore
 11601 | D:10     | Noticed Joseph
 11626 | D:10     | Noticed Snorg
 11682 | D:10     | Mangled by Snorg

Illustrated notes

Levels and vault maps discovered:
D:1:      roderic_chinese_lattice_arrival, layout_loops_ring,
          dreamdust_ecumenical_altar_statues
D:2:      layout_rooms, bh_walls_and_bars
D:3:      layout_loops_ring, serial_shops, nicolae_shop_tiny_real_fake_doors,
          nicolae_shop_trees, shop, minmay_stone_trees_medium
D:4:      layout_rooms, amcnicky_altar_gilded, serial_shops, kennysheep_mini,
          nrook_loot_triangle, kennysheep_path_1, uniq_robin
D:5:      layout_basic, serial_corexii_hall, corexii_hall_statues_x,
          corexii_hall_statues_l, lightli_church_of_beogh
D:6:      layout_cave_pods
D:7:      layout_basic, mainiacjoe_overflow_catch_the_wave,
          gammafunk_temple_overflow_elements, minmay_temple_entry_poolview
D:8:      layout_loops_ring, nicolae_ru_awakened_eye, lemuel_crystal_altar,
          overflow_temple_1_default
D:9:      layout_gridville, orc_0_dummy, gammafunk_ghost_smash, uniq_harold,
          uniq_gastronok
D:10:     layout_small_grid, hangedman_decor_lopped, minivault_26,
          minmay_fountain_box, minmay_statues_item, nicolae_shop_self_help,
          uniq_snorg, uniq_joseph

Skill      XL: |  1  2  3  4  5  6  7  8  9 10 |
---------------+-------------------------------+-----
Dodging        | 3 4 5 6 7 8 9 |  9.5
Conjurations   | 2 3 4 5 6 8 9 |  9.9
Spellcasting   | 4 5 6 8 9 10 | 10.4
Fire Magic     | 4 5 6 7 8 10 | 10.4
Poison Magic   | 4 |  4.0
Stealth        | |  2.4

Action                     |  1- 3 |  4- 6 |  7- 9 | 10-12 || total
---------------------------+-------+-------+-------+-------++-------
  Melee: Staff             |       |       |     2 |       ||     2
   Cast: Foxfire           |    77 |    86 |   125 |       ||   288
         Scorch            |    10 |    44 |   112 |    10 ||   176
         Flame Wave        |       |       |     5 |     6 ||    11
         Olgreb's Toxic Ra |       |       |    13 |    22 ||    35
         Ignite Poison     |       |       |    11 |    19 ||    30
         Orb of Destructio |       |       |       |     4 ||     4
    Use: Scroll            |       |       |       |     7 ||     7
 Armour: Robe              |     9 |     8 |     5 |     1 ||    23
  Dodge: Dodged            |    20 |    19 |    46 |    36 ||   121

Table legend: (Time is in decaauts)
 A = Elapsed time spent in this place.
 B = Non-inter-level travel time spent in this place.
 C = Inter-level travel time spent in this place.
 D = Time resting spent in this place.
 E = Time spent auto-exploring this place.
 F = Levels seen in this place.
 G = Mean time per level.
                   A        B        C        D        E       F      G
               +--------+--------+--------+--------+--------+-----+--------+
         Total |  11692 |  11287 |    405 |   3057 |   6553 |  10 | 1169.2 |
       Dungeon |  11692 |  11287 |    405 |   3057 |   6553 |  10 | 1169.2 |
               +--------+--------+--------+--------+--------+-----+--------+

Top non-repeatable levels by time:
     D:8: 1584 daAuts
     D:6: 1479 daAuts
     D:7: 1420 daAuts
     D:1: 1402 daAuts
     D:9: 1289 daAuts
     D:3: 1196 daAuts
     D:4: 968 daAuts
     D:2: 919 daAuts
     D:5: 861 daAuts
    D:10: 571 daAuts
